 Dungeon Crawl Stone Soup version 0.30-a0-800-g7c544603b3 (webtiles) character file.

Game seed: 8821546176013021643

207 Aneyh the Poker (level 5, 0/32 HPs)
             Began as a Tengu Monk on Feb 22, 2023.
             Slain by a hobgoblin (5 damage)
             ... on level 2 of the Dungeon.
             The game lasted 00:01:38 (1176 turns).

Aneyh the Poker (Tengu Monk)                        Turns: 1176, Time: 00:01:39

Health: 0/32       AC:  2    Str: 19    XL:     5   Next: 85%
Magic:  6/6        EV: 16    Int: 10    God:
Gold:   78         SH:  0    Dex: 17    Spells: 4/4 levels left

rFire   . . .      SeeInvis .    a - +0 spear
rCold   . . .      Faith    .    (no shield)
rNeg    . . .      Spirit   .    i - +0 robe
rPois   .          Reflect  .    (helmet restricted)
rElec   .          Harm     .    (no cloak)
rCorr   .          Rampage  .    (no gloves)
Will    .....                    (boots unavailable)
Stlth   +                        p - amulet of the acrobat
HPRegen 0.25/turn                k - +6 ring of strength
MPRegen 0.10/turn                (no ring)

@: confused, ambrosia-drunk, flying quickly and evasively, quick
A: beak, talons 3, nimble flight
a: no special abilities


You were on level 2 of the Dungeon.
You visited 1 branch of the dungeon, and saw 2 of its levels.

You collected 78 gold pieces.

Inventory:

Hand Weapons
 a - a +0 spear (weapon)
 b - a +2 dagger of electrocution
Armour
 g - a +0 leather armour
 i - a +0 robe (worn)
Jewellery
 k - a +6 ring of strength (left hand)
 p - an amulet of the acrobat (around neck)
Wands
 m - a wand of digging (8)
Scrolls
 d - a scroll of identify {unknown}
 f - a scroll of amnesia {unknown}
 h - a scroll of magic mapping {unknown}
 l - a scroll of poison {unknown}
 o - a scroll of vulnerability {unknown}
Potions
 e - 2 potions of curing {unknown}
 j - a potion of magic {unknown}
 n - a potion of lignification {unknown}


   Skills:
 - Level 3.0 Fighting
 + Level 7.0 Polearms
 - Level 3.2 Dodging
 - Level 2.0 Stealth


You had 4 spell levels left.
You didn't know any spells.
Your spell library was empty.

Dungeon Overview and Level Annotations

Branches:
Dungeon (2/15)

Altars:

Annotations:
D:2 Robin


Innate Abilities, Weirdness & Mutations

You have a beak for a mouth.
You have claws for feet.
Your magical nature lets you fly swiftly and evasively.


Message History

You feel less invigorated.
You feel less confused.
Reach: a) +0 spear
Press: ? - help, Dir - move target, f - Robin
Aim: Robin, wielding a +0 dagger, wearing a +0 animal skin and wearing a +0 helmet (about 28% to evade your +0 spear)
You reach to attack!
You hit Robin.
Robin is lightly wounded.
You hit Robin but do no damage.
Robin is lightly wounded.
The goblin hits you with a +0 club.
You hit Robin but do no damage. You claw Robin.
Robin is moderately wounded.
The hobgoblin hits you. Robin hits you with a +0 dagger.
The goblin closely misses you.
The goblin no longer looks unusually strong.
Robin roars a battlecry!
The goblin goes into a battle-frenzy!
A goblin breaks down the door.
You reach down and open the door.
The hobgoblin misses you. Robin completely misses you.
There is an open door here.
Reach: a) +0 spear
Press: ? - help, Dir - move target, f/p - Robin
Aim: Robin, wielding a +0 dagger, wearing a +0 animal skin and wearing a +0 helmet (moderately wounded, about 28% to evade your +0 spear)
You reach to attack!
You closely miss Robin.
Robin is moderately wounded.
Robin throws the goblin at you! The goblin hits you with a +0 club.
* * * LOW HITPOINT WARNING * * *
The hobgoblin no longer looks unusually strong.
Robin roars a battlecry!
The hobgoblin goes into a battle-frenzy!
The goblin closely misses you.
You closely miss the hobgoblin. The hobgoblin hits you.
* * * LOW HITPOINT WARNING * * *
Robin throws the goblin at you!
* * * LOW HITPOINT WARNING * * *
The goblin completely misses you.
You are confused.
You feel invigorated. The hobgoblin hits you.
You die...

... ...# #......... #)#
##..# #......... #)#
...# #.........
#.######..# #......)..
#)#.......# #.........
#))..###..#####.).###..
#....g........'...# #.#
#....#g#...####...# #.#
#.#'##@#.#.####...# #.#
#.#. #g#.#...##...# #.#
#+#. #.#.###.##...# #.#
.. #.#.# .###### #.# ^.
..#.# # ## #.' ..#
###.# . .. #.# .. ..
#.####. ##.# ...#.##..#
#...#..##


You could see Robin, a hobgoblin (strong) and a goblin (strong).

Vanquished Creatures
  Sigmund (D:2)
  A gnoll (D:1)
  A worm (D:2)
  3 ball pythons
  A bat (D:1)
  2 endoplasms
  A giant cockroach (D:1)
  12 goblins (D:2)
  2 hobgoblins (D:1)
  A kobold (D:1)
  3 quokkas
  2 frilled lizards
30 creatures vanquished.

Notes
Turn   | Place    | Note
-------+----------+-------------------------------------------
     0 | D:1      | Aneyh the Tengu Monk began the quest for the Orb.
     0 | D:1      | Reached XP level 1. HP: 14/14 MP: 2/2
   438 | D:1      | Reached XP level 2. HP: 15/19 MP: 3/3
   554 | D:1      | Reached skill level 4 in Polearms
   882 | D:2      | Reached XP level 3. HP: 23/23 MP: 4/4
  1021 | D:2      | Noticed Sigmund
  1033 | D:2      | Killed Sigmund
  1034 | D:2      | Reached skill level 6 in Polearms
  1034 | D:2      | Reached XP level 4. HP: 15/28 MP: 5/5
  1034 | D:2      | Gained mutation: Your magical nature lets you fly swiftly
                  | and evasively. [Tengu growth]
  1034 | D:2      | Reached XP level 5. HP: 18/32 MP: 6/6
  1137 | D:2      | Noticed Robin
  1159 | D:2      | Reached skill level 7 in Polearms
  1176 | D:2      | Slain by a hobgoblin

Illustrated notes

Levels and vault maps discovered:
D:1:      amcnicky_arrival_double_pillar, layout_basic
D:2:      wad_pebble_path, layout_basic, serial_shops, shop, uniq_robin,
          uniq_jessica, uniq_sigmund

Skill      XL: |  1  2  3  4  5 |
---------------+----------------+-----
Polearms       | 4 6 7 |  7.0
Fighting       | |  3.0
Dodging        | |  3.2
Stealth        | |  2.0

Action                     |  1- 3 |  4- 6 || total
---------------------------+-------+-------++-------
  Melee: Spear             |    37 |    39 ||    76
         Kick              |    13 |     6 ||    19
         Peck              |     5 |     2 ||     7
         Dagger            |     9 |       ||     9
    Use: Potion            |       |     2 ||     2
   Stab: Sleeping          |     4 |       ||     4
 Armour: Robe              |     3 |     2 ||     5
  Dodge: Dodged            |    18 |    24 ||    42

Table legend: (Time is in decaauts)
 A = Elapsed time spent in this place.
 B = Non-inter-level travel time spent in this place.
 C = Inter-level travel time spent in this place.
 D = Time resting spent in this place.
 E = Time spent auto-exploring this place.
 F = Levels seen in this place.
 G = Mean time per level.
                   A        B        C        D        E       F      G
               +--------+--------+--------+--------+--------+-----+--------+
         Total |   1154 |   1133 |     21 |     63 |    875 |   2 |  577.0 |
       Dungeon |   1154 |   1133 |     21 |     63 |    875 |   2 |  577.0 |
               +--------+--------+--------+--------+--------+-----+--------+

Top non-repeatable levels by time:
     D:1: 873 daAuts
     D:2: 280 daAuts
